 Dungeon Crawl Stone Soup version 0.27-a0-1188-g73eefd5def (webtiles) character file.

Game seed: 11914554663291520252

56 Sobieck the Bolt Thrower (level 3, 0/31 HPs)
             Began as a Hill Orc Hunter on May 21, 2021.
             Slain by an adder (3 damage)
             ... on level 4 of the Dungeon.
             The game lasted 00:02:56 (1142 turns).

Sobieck the Bolt Thrower (Hill Orc Hunter)          Turns: 1142, Time: 00:02:56

Health: 0/31       AC:  3    Str: 15    XL:     3   Next: 95%
Magic:  3/3        EV: 11    Int: 11    God:
Gold:   49         SH:  3    Dex: 11    Spells: 2/2 levels left

rFire    . . .     SeeInvis .   b - +1 hand crossbow {crossbow}
rCold    . . .     Faith    .   e - +0 buckler
rNeg     . . .     Spirit   .   c - +0 leather armour
rPois    .         Reflect  .   (no helmet)
rElec    .         Harm     .   (no cloak)
rCorr    .         Rampage  .   (no gloves)
Will     .....                  (no boots)
Stlth    +.........             (no amulet)
HPRegen  0.10/turn              (no ring)
MPRegen  0.08/turn              (no ring)

@: lethally poisoned (0 -> -4)
A: no striking features
a: no special abilities


You were on level 4 of the Dungeon.
You visited 1 branch of the dungeon, and saw 4 of its levels.

You collected 49 gold pieces.


   Skills:
 + Level 3.5 Fighting
 * Level 1.3 Axes
 - Level 3.6 Crossbows
 + Level 2.0 Armour
 - Level 1.5 Dodging
 - Level 0.7 Stealth
 + Level 1.4 Shields


You had 2 spell levels left.
You didn't know any spells.
Your spell library was empty.

Inventory:

Hand Weapons
 a - a +0 war axe {axe}
   (You found it on level 4 of the Dungeon)
 b - a +1 hand crossbow (weapon) {crossbow}
 g - a +0 short sword {short}
 j - a +2 dagger of draining {short}
   (You found it on level 2 of the Dungeon)
Missiles
 d - 12 bolts (quivered ammo)
 f - 37 stones {throwing}
Armour
 c - a +0 leather armour (worn)
 e - a +0 buckler (worn)
   (You found it on level 1 of the Dungeon)
Scrolls
 h - a scroll of enchant armour {unknown}
 i - a scroll of teleportation {unknown}

Dungeon Overview and Level Annotations

Branches:
Dungeon (4/15)
 Temple: D:4-7

Altars:
Cheibriados
Trog
Xom

#.##.##..#.####...###
#.##........##......
...#........##....#
...#..#รท....##...# #
................# .#
......#.........# #.##
...#..#.#.......# #...##
...#.........##.####.....#
####.......#.##.@S........
##...####.#####(....##
##..####.# #..>###
#.......# #...# ###
#.####### #S.... ..####.#
##.#.## #......# ....
######## .. g. .#..#.


You could see an adder.


Message History

An ufetubus comes into view.
The ufetubus shouts!
An adder comes into view.
The adder hisses angrily.
You hear a shout!
A hobgoblin comes into view.
You hit the ufetubus. The ufetubus barely misses you.
The ufetubus closely misses you. The ufetubus misses you.
You block the ufetubus's attack. The ufetubus closely misses you.
The ufetubus hits you but does no damage.
You completely miss the ufetubus. The ufetubus closely misses you.
The ufetubus barely misses you. The ufetubus hits you.
The ufetubus closely misses you. ๐Ÿ˜• HP[-4]
You take 4 damage, and now have 27/31 hp.
You miss the ufetubus. The ufetubus hits you. The ufetubus misses you.
The ufetubus hits you.
The ufetubus closely misses you. ๐Ÿ˜ฎ HP[-4]
You take 4 damage, and now have 23/31 hp.
You barely miss the ufetubus. The ufetubus barely misses you.
The ufetubus closely misses you. The ufetubus barely misses you.
The ufetubus closely misses you. The ufetubus hits you.
The ufetubus barely misses you. ๐Ÿ˜ฎ HP[-1]
You take 1 damage, and now have 22/31 hp.
b - a +1 hand crossbow (weapon)
{crossbow} The ufetubus hits you.
You block the ufetubus's attack. ๐Ÿ˜ฎ HP[-1]
You take 1 damage, and now have 21/31 hp.
Fire: 20 bolts
Press: ? - help, Q - select action, (/) - cycle Shift-Dir - straight line, f - ufetubus
Aim: an ufetubus (lightly wounded, 46% to hit)
You shoot a bolt. The bolt closely misses the ufetubus.
The ufetubus hits you. The ufetubus misses you. The ufetubus barely misses you.
The ufetubus hits you but does no damage. ๐Ÿ˜ฎ HP[-4]
You take 4 damage, and now have 17/31 hp.
Fire: 19 bolts
Press: ? - help, Q - select action, (/) - cycle Shift-Dir - straight line, f/p - ufetubus
Aim: an ufetubus (lightly wounded, 46% to hit)
You shoot a bolt. The bolt misses the ufetubus.
The ufetubus hits you.
* * * LOW HITPOINT WARNING * * *
The ufetubus barely misses you.
You block the ufetubus's attack. x2 ๐Ÿ˜จ HP[-4]
You take 4 damage, and now have 13/31 hp.
Fire: 18 bolts
Press: ? - help, Q - select action, (/) - cycle Shift-Dir - straight line, f - hobgoblin, p - ufetubus
Aim: a hobgoblin (63% to hit)
You shoot a bolt. The bolt closely misses the ufetubus.
The bolt hits the hobgoblin!
You kill the hobgoblin!
The ufetubus hits you but does no damage.
The ufetubus misses you. The ufetubus closely misses you.
The ufetubus misses you.
Fire: 17 bolts
Press: ? - help, Q - select action, (/) - cycle Shift-Dir - straight line, f - ufetubus
Aim: an ufetubus (lightly wounded, 46% to hit)
You shoot a bolt. The bolt hits the ufetubus!
You kill the ufetubus!
The adder bites you.
* * * LOW HITPOINT WARNING * * *
Your Armour skill increases to level 2! ๐Ÿ˜จ HP[-2]
You take 2 damage, and now have 11/31 hp.
Fire: 16 bolts
Press: ? - help, Q - select action, (/) - cycle Shift-Dir - straight line, f - adder
Aim: an adder (46% to hit)
You shoot a bolt. The bolt closely misses the adder.
The adder bites you.
* * * LOW HITPOINT WARNING * * *
You block the adder's attack. ๐Ÿ˜จ HP[-3]
You take 3 damage, and now have 8/31 hp.
Fire: 15 bolts
Press: ? - help, Q - select action, (/) - cycle Shift-Dir - straight line, f/p - adder
Aim: an adder (46% to hit)
You shoot a bolt. The bolt hits the adder.
The adder bites you.
* * * LOW HITPOINT WARNING * * *
You are lethally poisoned!
The adder poisons you! The adder bites you.
* * * LOW HITPOINT WARNING * * *
๐Ÿ˜ฑ HP[-2]
You take 2 damage, and now have 6/31 hp.
Fire: 14 bolts
Press: ? - help, Q - select action, (/) - cycle Shift-Dir - straight line, f/p - adder
Aim: an adder (heavily wounded, 46% to hit)
You shoot a bolt. The bolt barely misses the adder.
* * * LOW HITPOINT WARNING * * *
You feel very sick.
The adder barely misses you. ๐Ÿ˜ฑ HP[-2]
You take 2 damage, and now have 4/31 hp.
Fire: 13 bolts
Press: ? - help, Q - select action, (/) - cycle Shift-Dir - straight line, f/p - adder
Aim: an adder (heavily wounded, 46% to hit)
You shoot a bolt. The bolt barely misses the adder.
* * * LOW HITPOINT WARNING * * *
You feel sick. The adder bites you.
You die...

Skill      XL: |  1  2  3 |
---------------+----------+-----
Armour         | 1 2 |  2.0
Fighting       | 3 |  3.5
Shields        | 1 |  1.4
Axes           | 1 |  1.3
Crossbows      | |  3.6
Dodging        | |  1.5
Stealth        | |  0.7

Action                   || total
-------------------------++-------
Melee: Short sword       ||    43
       Dagger            ||    10
       War axe           ||    21
 Fire: Hand crossbow     ||    18
Throw: Stone             ||    10
Armor: Leather armour    ||    23
Dodge: Dodged            ||    67
Block: Buckler           ||     8

Levels and vault maps discovered:
D:1:      evilmike_arrival_crescent, layout_basic
D:2:      layout_rooms, hellmonk_ecumenical_altar_pennies_from_heaven,
          minmay_split_cup_large
D:3:      layout_basic, minmay_vboxes
D:4:      cheibrodos_barr_body, layout_loops_cross,
          grunt_temple_overflow_diamond, minmay_temple_entry_wispy,
          kennysheep_small_spiral

Notes
Turn   | Place    | Note
-------+----------+-------------------------------------------
     0 | D:1      | Sobieck the Hill Orc Hunter began the quest for the Orb.
     0 | D:1      | Reached XP level 1. HP: 18/18 MP: 1/1
     0 | D:1      | magus.rc [v1.9.6]
   133 | D:1      | Reached skill level 1 in Armour
   152 | D:1      | Reached XP level 2. HP: 11/25 MP: 2/2
   421 | D:1      | Reached skill level 3 in Fighting
   816 | D:4      | Found a snail-covered altar of Cheibriados.
   819 | D:4      | Found a shimmering altar of Xom.
   826 | D:4      | Found a bloodstained altar of Trog.
   856 | D:4      | Reached skill level 1 in Shields
   856 | D:4      | Reached XP level 3. HP: 31/31 MP: 3/3
  1037 | D:4      | Reached skill level 1 in Axes
  1139 | D:4      | Reached skill level 2 in Armour
  1140 | D:4      | HP: 7/31 [adder (1)]
  1142 | D:4      | HP: 3/31 [poisoned by an adder]
  1142 | D:4      | Slain by an adder

Vanquished Creatures
  A hound skeleton (D:4)
  An adder (D:4)
  An ufetubus (D:4)
  2 adder skeletons (D:4)
  2 dart slugs
  An orc (D:4)
  3 ball pythons
  3 endoplasms
  2 hobgoblins
  2 jackals (D:1)
  A frilled lizard (D:1)
19 creatures vanquished.

Table legend:
 A = Non-vault XP
 B = Vault XP
 C = Vault XP percentage of total XP
 D = Non-vault monster count
 E = Vault monster count
 F = Vault count percentage of total count
                 A         B        C        D         E       F
            +---------+---------+-------+---------+---------+-------
      Total |      80 |       0 |   0.0 |      19 |       0 |   0.0
            +---------+---------+-------+---------+---------+-------
        D:1 |      14 |       0 |   0.0 |       7 |       0 |   0.0
        D:2 |       6 |       0 |   0.0 |       3 |       0 |   0.0
        D:3 |       6 |       0 |   0.0 |       2 |       0 |   0.0
        D:4 |      54 |       0 |   0.0 |       7 |       0 |   0.0
            +---------+---------+-------+---------+---------+-------

Illustrated notes

Table legend:
 A = Kills in this place as a percentage of kills in entire the game.
 B = Kills by you in this place as a percentage of kills by you in the entire game.
 C = Kills by friends in this place as a percentage of kills by friends in the entire game.
 D = Other kills in this place as a percentage of other kills in the entire game.
 E = Experience gained in this place as a percentage of experience gained in the entire game.
 F = Experience gained in this place divided by the number of levels of this place that you have seen.
                   A       B       C       D       E      F
               +-------+-------+-------+-------+-------+----------------------
         Total | 100.0 | 100.0 |   N/A |   N/A | 100.0 |  20.0
       Dungeon | 100.0 | 100.0 |   N/A |   N/A | 100.0 |  20.0
               +-------+-------+-------+-------+-------+----------------------

Table legend: (Time is in decaauts)
 A = Elapsed time spent in this place.
 B = Non-inter-level travel time spent in this place.
 C = Inter-level travel time spent in this place.
 D = Time resting spent in this place.
 E = Time spent auto-exploring this place.
 F = Levels seen in this place.
 G = Mean time per level.
                   A        B        C        D        E       F      G
               +--------+--------+--------+--------+--------+-----+--------+
         Total |   1160 |   1137 |     23 |    303 |    503 |   4 |  290.0 |
       Dungeon |   1160 |   1137 |     23 |    303 |    503 |   4 |  290.0 |
               +--------+--------+--------+--------+--------+-----+--------+

Top non-repeatable levels by time:
     D:1: 412 daAuts
     D:4: 353 daAuts
     D:2: 201 daAuts
     D:3: 192 daAuts
